3560 views
Uploaded 2020-05-09 16:30:28
Game version 1.32.4 / 1.32.5
16:55 long 2on2 ladder game on (4)TwistedMeadows
Saved by Gahzeera
3560 views
Uploaded 2020-05-09 16:30:28
Game version 1.32.4 / 1.32.5
16:55 long 2on2 ladder game on (4)TwistedMeadows


66 units @ 9.1k
/ 0.9k
37 buildings @ 5.9k
/ 2.6k

| Scroll of Healing | 2 | 500 |
| Scroll of Protection | 2 | 300 |
| Potion of Lesser Invulnerability | 1 | 150 |
| total: | 5 | 950g |
| Wisp | 18 | 1080 | / | 0 |
| Huntress | 30 | 5850 | / | 600 |
| total: | 48 | 6930g | / | 600w |
| Ancient Protector | 2 | 270 | / | 160 |
| Altar of Elders | 1 | 180 | / | 50 |
| Moon Well | 7 | 1260 | / | 280 |
| Hunter's Hall | 1 | 210 | / | 100 |
| Ancient of War | 2 | 300 | / | 120 |
| Ancient of Wonders | 1 | 90 | / | 30 |
| Tree of Life | 1 | 340 | / | 185 |
| Tree of Ages | 1 | 320 | / | 180 |
| total: | 15 | 2650g | / | 925w |
| 0:02 | Wisp |
| 0:03 | Wisp |
| 0:07 | Altar of Elders |
| 0:18 | Moon Well |
| 0:20 | Wisp |
| 0:27 | Wisp |
| 0:42 | Wisp |
| 0:56 | Wisp |
| 1:00 | Wisp |
| 1:16 | Wisp |
| 1:38 | Hunter's Hall |
| 1:41 | Ancient of War |
| 1:51 | Wisp |
| 1:55 | Moon Well |
| 2:08 | Force of Nature |
| 2:18 | Ancient of War |
| 2:21 | Wisp |
| 2:29 | Ancient of Wonders |
| 2:49 | Huntress |
| 2:52 | Moon Well |
| 3:10 | Huntress |
| 3:34 | Huntress |
| 3:58 | Huntress |
| 4:20 | Huntress |
| 4:28 | Entangling Roots |
| 4:40 | Ancient Protector |
| 4:44 | Ancient Protector |
| 4:53 | Huntress |
| 5:11 | Huntress |
| 5:27 | Moon Well |
| 6:03 | Huntress |
| 6:09 | Ultravision |
| 6:10 | Strength of the Moon |
| 7:15 | Huntress |
| 7:24 | Moon Armor |
| 7:32 | Wisp |
| 7:35 | Wisp |
| 8:04 | Force of Nature |
| 8:11 | Huntress |
| 8:13 | Wisp |
| 8:18 | Tree of Life |
| 9:23 | Scroll of Protection |
| 9:25 | Potion of Lesser Invulnerability |
| 9:25 | Scroll of Healing |
| 9:29 | Entangling Roots |
| 10:24 | Tree of Ages |
| 12:22 | Huntress |
| 12:22 | Huntress |
| 12:22 | Huntress |
| 12:22 | Huntress |
| 12:22 | Huntress |
| 12:22 | Huntress |
| 12:23 | Huntress |
| 12:23 | Huntress |
| 12:23 | Huntress |
| 12:25 | Moon Well |
| 12:26 | Moon Well |
| 12:28 | Moon Well |
| 12:57 | Moon Glaive |
| 12:59 | Wisp |
| 12:59 | Wisp |
| 12:59 | Wisp |
| 13:00 | Wisp |
| 13:00 | Wisp |
| 13:33 | Huntress |
| 13:33 | Huntress |
| 13:33 | Huntress |
| 13:33 | Huntress |
| 13:33 | Huntress |
| 13:50 | Force of Nature |
| 14:22 | Scroll of Protection |
| 14:22 | Scroll of Healing |
| 15:16 | Tranquility |
| 15:20 | Huntress |
| 15:20 | Huntress |
| 15:20 | Huntress |
| 15:54 | Huntress |
| 15:56 | Entangling Roots |
| 15:59 | Huntress |
| 16:37 | Huntress |
| Right click | 560 |
| Select group | 266 |
| Select | 166 |
| Chat | 91 |
| Build/train/purchase | 79 |
| Misc. action | 78 |
| Use ability | 70 |
| Assign group | 34 |
| Remove unit | 8 |
| Item give/drop | 4 |
| Esc | 1 |

| Healing Salve | 2 | 200 |
| Lesser Clarity Potion | 5 | 350 |
| Orb of Lightning | 1 | 375 |
| Potion of Mana | 1 | 200 |
| Boots of Speed | 1 | 250 |
| Circlet of Nobility | 1 | 175 |
| Staff of Teleportation | 1 | 150 |
| total: | 12 | 1700g |
| Peon | 10 | 750 | / | 0 |
| Wind Rider | 1 | 265 | / | 40 |
| Troll Batrider | 7 | 1120 | / | 280 |
| total: | 18 | 2135g | / | 320w |
| Watch Tower | 10 | 1100 | / | 800 |
| Altar of Storms | 1 | 180 | / | 50 |
| Orc Burrow | 5 | 800 | / | 200 |
| Voodoo Lounge | 1 | 130 | / | 30 |
| War Mill | 1 | 205 | / | 0 |
| Great Hall | 1 | 385 | / | 185 |
| Beastiary | 3 | 435 | / | 420 |
| Stronghold | 1 | 315 | / | 190 |
| Fortress | 1 | 325 | / | 190 |
| total: | 22 | 3235g | / | 1685w |
| 0:02 | Peon |
| 0:03 | Peon |
| 0:07 | Altar of Storms |
| 0:19 | Orc Burrow |
| 0:31 | Peon |
| 0:44 | Peon |
| 1:02 | Peon |
| 1:04 | Voodoo Lounge |
| 1:14 | Peon |
| 1:22 | War Mill |
| 1:26 | Peon |
| 1:40 | Orc Burrow |
| 1:44 | Peon |
| 1:57 | Peon |
| 2:09 | Healing Salve |
| 2:10 | Lesser Clarity Potion |
| 2:10 | Lesser Clarity Potion |
| 2:23 | Wind Walk |
| 2:25 | Peon |
| 2:34 | Watch Tower |
| 2:58 | Stronghold |
| 3:19 | Watch Tower |
| 3:36 | Watch Tower |
| 3:40 | Boots of Speed |
| 4:36 | Watch Tower |
| 4:51 | Circlet of Nobility |
| 4:52 | Staff of Teleportation |
| 5:29 | Reinforced Defenses |
| 5:38 | Beastiary |
| 5:40 | Beastiary |
| 5:50 | Lesser Clarity Potion |
| 6:03 | Fortress |
| 6:46 | Critical Strike |
| 6:51 | Wind Rider |
| 6:56 | Orc Burrow |
| 7:32 | Troll Batrider |
| 7:39 | Steel Ranged Weapons |
| 7:57 | Troll Batrider |
| 8:25 | Liquid Fire |
| 8:26 | Envenomed Spears |
| 8:52 | Lesser Clarity Potion |
| 8:54 | Orb of Lightning |
| 9:01 | Troll Batrider |
| 10:16 | Troll Batrider |
| 10:37 | Orc Burrow |
| 11:03 | Wind Walk |
| 12:01 | Lesser Clarity Potion |
| 12:03 | Healing Salve |
| 12:07 | Troll Batrider |
| 12:09 | Potion of Mana |
| 12:20 | Troll Batrider |
| 14:00 | Troll Batrider |
| 14:02 | Beastiary |
| 14:04 | Thorium Ranged Weapons |
| 14:17 | Watch Tower |
| 14:17 | Watch Tower |
| 14:18 | Watch Tower |
| 14:25 | Watch Tower |
| 14:28 | Great Hall |
| 15:17 | Orc Burrow |
| 15:39 | Critical Strike |
| 15:51 | Watch Tower |
| 15:52 | Watch Tower |
| Select group | 709 |
| Right click | 698 |
| Chat | 250 |
| Select | 124 |
| Build/train/purchase | 71 |
| Assign group | 29 |
| Use ability | 8 |
| Esc | 3 |
| Item give/drop | 2 |
| Minimap ping | 1 |
84 units @ 8.5k
/ 0.4k
41 buildings @ 6.5k
/ 2.9k


| Wisp | 22 | 1320 | / | 0 |
| Archer | 25 | 3250 | / | 250 |
| Dryad | 1 | 145 | / | 60 |
| total: | 48 | 4715g | / | 310w |
| Ancient Protector | 6 | 810 | / | 480 |
| Altar of Elders | 1 | 180 | / | 50 |
| Moon Well | 7 | 1260 | / | 280 |
| Ancient of War | 1 | 150 | / | 60 |
| Hunter's Hall | 1 | 210 | / | 100 |
| Ancient of Wonders | 1 | 90 | / | 30 |
| Ancient of Lore | 4 | 620 | / | 580 |
| Tree of Ages | 1 | 320 | / | 180 |
| total: | 21 | 3320g | / | 1580w |
| 0:02 | Wisp |
| 0:03 | Wisp |
| 0:09 | Altar of Elders |
| 0:13 | Moon Well |
| 0:19 | Wisp |
| 0:34 | Ancient of War |
| 0:48 | Wisp |
| 0:49 | Wisp |
| 1:08 | Wisp |
| 1:22 | Moon Well |
| 1:31 | Wisp |
| 1:40 | Archer |
| 1:47 | Archer |
| 2:08 | Moon Well |
| 2:19 | Force of Nature |
| 2:55 | Archer |
| 2:56 | Archer |
| 2:59 | Wisp |
| 2:59 | Wisp |
| 3:16 | Moon Well |
| 3:23 | Wisp |
| 3:37 | Archer |
| 3:57 | Archer |
| 4:01 | Wisp |
| 4:01 | Wisp |
| 4:09 | Hunter's Hall |
| 4:27 | Archer |
| 4:27 | Archer |
| 4:36 | Moon Well |
| 5:06 | Archer |
| 5:12 | Tree of Ages |
| 5:30 | Entangling Roots |
| 5:43 | Archer |
| 5:43 | Archer |
| 6:15 | Strength of the Moon |
| 6:17 | Archer |
| 6:55 | Archer |
| 7:15 | Force of Nature |
| 7:19 | Archer |
| 7:39 | Moon Well |
| 8:00 | Archer |
| 8:28 | Archer |
| 8:28 | Archer |
| 8:33 | Ancient Protector |
| 8:54 | Trueshot Aura |
| 9:15 | Wisp |
| 9:15 | Wisp |
| 9:15 | Wisp |
| 9:59 | Archer |
| 10:50 | Ancient Protector |
| 10:51 | Wisp |
| 10:51 | Wisp |
| 10:51 | Wisp |
| 10:52 | Wisp |
| 11:18 | Ancient Protector |
| 11:21 | Ancient Protector |
| 11:47 | Moon Well |
| 12:31 | Archer |
| 12:31 | Archer |
| 12:31 | Archer |
| 12:45 | Ancient of Wonders |
| 12:52 | Ancient Protector |
| 13:24 | Archer |
| 13:25 | Archer |
| 13:29 | Wisp |
| 13:29 | Wisp |
| 13:29 | Wisp |
| 13:49 | Ancient of Lore |
| 14:08 | Ancient Protector |
| 14:25 | Archer |
| 14:25 | Archer |
| 14:31 | Ancient of Lore |
| 14:41 | Ancient of Lore |
| 15:16 | Entangling Roots |
| 15:32 | Ancient of Lore |
| 15:35 | Abolish Magic |
| 16:38 | Dryad |
| Right click | 631 |
| Select | 300 |
| Build/train/purchase | 65 |
| Use ability | 16 |
| Remove unit | 3 |
| Select group | 3 |
| Assign group | 1 |

| Rod of Necromancy | 2 | 300 |
| Sacrificial Skull | 1 | 50 |
| Dust of Appearance | 1 | 75 |
| Scroll of Town Portal | 1 | 350 |
| Staff of Teleportation | 1 | 150 |
| Boots of Speed | 1 | 250 |
| Potion of Lesser Invulnerability | 1 | 150 |
| total: | 8 | 1325g |
| Acolyte | 15 | 1125 | / | 0 |
| Ghoul | 19 | 2280 | / | 0 |
| Crypt Fiend | 1 | 215 | / | 40 |
| Necromancer | 1 | 145 | / | 20 |
| total: | 36 | 3765g | / | 60w |
| Nerubian Tower | 2 | 200 | / | 40 |
| Spirit Tower | 4 | 580 | / | 160 |
| Crypt | 2 | 400 | / | 100 |
| Altar of Darkness | 1 | 180 | / | 50 |
| Ziggurat | 9 | 1350 | / | 450 |
| Tomb of Relics | 1 | 130 | / | 30 |
| Necropolis | 1 | 225 | / | 0 |
| Graveyard | 1 | 215 | / | 0 |
| Temple of the Damned | 4 | 620 | / | 560 |
| Sacrificial Pit | 1 | 75 | / | 150 |
| Halls of the Dead | 1 | 320 | / | 210 |
| total: | 20 | 3195g | / | 1340w |
| 0:02 | Acolyte |
| 0:06 | Crypt |
| 0:09 | Altar of Darkness |
| 0:23 | Ziggurat |
| 0:32 | Acolyte |
| 0:55 | Tomb of Relics |
| 1:07 | Ghoul |
| 1:16 | Ghoul |
| 1:25 | Ghoul |
| 1:30 | Ziggurat |
| 1:42 | Ghoul |
| 1:53 | Ghoul |
| 2:05 | Ghoul |
| 2:16 | Rod of Necromancy |
| 2:17 | Sacrificial Skull |
| 2:19 | Sleep |
| 2:24 | Ghoul |
| 2:27 | Acolyte |
| 2:42 | Ghoul |
| 3:19 | Ziggurat |
| 3:39 | Carrion Swarm |
| 3:39 | Ghoul |
| 3:39 | Ghoul |
| 3:54 | Crypt |
| 4:25 | Ghoul |
| 4:42 | Necropolis |
| 4:43 | Acolyte |
| 4:43 | Acolyte |
| 4:48 | Nerubian Tower |
| 5:12 | Carrion Swarm |
| 5:28 | Ghoul |
| 5:29 | Halls of the Dead |
| 5:40 | Staff of Teleportation |
| 5:45 | Boots of Speed |
| 5:45 | Dust of Appearance |
| 5:54 | Ghoul |
| 6:19 | Graveyard |
| 6:20 | Acolyte |
| 6:21 | Acolyte |
| 6:52 | Rod of Necromancy |
| 6:54 | Ghoul |
| 6:56 | Ghoul |
| 7:12 | Ghoul |
| 7:15 | Acolyte |
| 7:17 | Ziggurat |
| 7:56 | Potion of Lesser Invulnerability |
| 8:05 | Cannibalize |
| 8:05 | Unholy Armor |
| 8:06 | Ziggurat |
| 8:21 | Spirit Tower |
| 8:22 | Ziggurat |
| 8:33 | Temple of the Damned |
| 8:34 | Temple of the Damned |
| 8:40 | Temple of the Damned |
| 8:41 | Temple of the Damned |
| 9:04 | Sacrificial Pit |
| 9:06 | Improved Unholy Armor |
| 9:54 | Web |
| 9:54 | Crypt Fiend |
| 9:57 | Necromancer Adept Training |
| 9:58 | Necromancer |
| 10:20 | Scroll of Town Portal |
| 10:45 | Nerubian Tower |
| 10:46 | Spirit Tower |
| 10:53 | Acolyte |
| 11:29 | Acolyte |
| 11:29 | Acolyte |
| 11:29 | Acolyte |
| 11:31 | Ziggurat |
| 11:32 | Ziggurat |
| 11:58 | Acolyte |
| 11:58 | Acolyte |
| 13:01 | Spirit Tower |
| 13:02 | Spirit Tower |
| 13:48 | Sleep |
| 14:35 | Acolyte |
| 14:42 | Ziggurat |
| 15:24 | Ghoul |
| 15:44 | Ghoul |
| 16:01 | Ghoul |
| Right click | 899 |
| Select group | 651 |
| Select | 341 |
| Build/train/purchase | 85 |
| Assign group | 48 |
| Use ability | 46 |
| Minimap ping | 39 |
| Misc. action | 33 |
| Item give/drop | 4 |
| Esc | 4 |